 Dungeon Crawl Stone Soup version 0.32-a0-913-g739538a (webtiles) character file.

Game seed: 16155263362788354718

110418 10x100 the Warrior (level 17, -7/147 HPs)
             Began as a Formicid Fighter on Apr 7, 2024.
             Was a High Priest of Okawaru.
             Mangled by a catoblepas (10 damage)
             ... while petrified by a catoblepas
             ... on level 13 of the Dungeon.
             The game lasted 01:09:48 (24103 turns).

10x100 the Warrior (Formicid Fighter)              Turns: 24103, Time: 01:09:49

Health: -7/147     AC: 20    Str: 20    XL:     17   Next: 10%
Magic:  24/24      EV:  2    Int: 10    God:    Okawaru [*****.]
Gold:   798        SH:  0    Dex: 13    Spells: 16/16 levels left

rFire   + + .        b - +7 sceptre of Torment {pain, torment}
rCold   + + +        O - +0 kite shield
rNeg    + + +        J - +1 chain mail {rPois}
rPois   ∞            (helmet unavailable)
rElec   +            N - +0 cloak
rCorr   +            B - +0 pair of gloves of the Desolation of Salt {rC+++ Str-4 Slay+3 SInv}
SInv    +            m - +0 pair of boots
Will    ++...        q - amulet of Gessyul {Reflect rElec rCorr SH+5}
Stlth   x              - ring "Haphop" {rF+ rC+ Will+ Stlth-}
HPRegen 0.44/turn    Z - ring of Nyrowiel {Fly rF+ rN+++ Str-3 Stlth-}
MPRegen 0.19/turn

%: reflection
@: petrified, heroic, flying, studying Ice Magic
A: permanent stasis, dig shafts and tunnels, antennae 3, four strong arms
a: Dig, Shaft Self, Renounce Religion, Heroism, Finesse, Duel


You were on level 13 of the Dungeon.
You worshipped Okawaru.
Okawaru was extremely pleased with you.
You visited 4 branches of the dungeon, and saw 22 of its levels.
You also visited: Gauntlet, Ice Cave and Volcano.

You collected 2575 gold pieces.
You spent 1777 gold pieces at shops.

Inventory:

Hand Weapons
 a - a +0 orcbow of draining
 b - the +7 sceptre of Torment (weapon) {pain, torment}
   (You bought it in a shop on level 1 of the Orcish Mines)
 j - a +2 war axe of freezing
 r - a +6 mace of holy wrath
 P - a +3 trident of draining
Missiles
 D - 5 curare-tipped darts
 K - 4 throwing nets
Armour
 m - a +0 pair of boots (worn)
 B - the +0 pair of gloves of the Desolation of Salt (worn) {rC+++ Str-4 Slay+3 SInv}
   (You found it in a Gauntlet)

   Str-4:     It affects your strength (-4).
   Slay+3:    It affects your accuracy & damage with ranged weapons and melee
   (+3).
   rC+++:     It renders you almost immune to cold.
   SInv:      It lets you see invisible.
 J - a +1 chain mail of poison resistance (worn)
 N - a +0 cloak (worn)
 O - a +0 kite shield (worn)
 V - a +1 chain mail of cold resistance
Jewellery
 c - a ring of fire
 f - a ring of protection from cold
 q - the amulet of Gessyul (around neck) {Reflect rElec rCorr SH+5}
   (You acquired it on level 1 of the Lair of Beasts)

   [amulet of reflection]

   Reflect:   It reflects blocked missile attacks.
   rElec:     It insulates you from electricity.
   rCorr:     It protects you from acid and corrosion.
   SH+5:      It affects your SH (+5).
 x - the ring "Haphop" (left hand) {rF+ rC+ Will+ Stlth-}
   (You found it on level 4 of the Dungeon)

   [ring of willpower]

   rF+:       It protects you from fire.
   rC+:       It protects you from cold.
   Will+:     It increases your willpower.
   Stlth-:    It makes you less stealthy.
 U - the amulet "Azal" {Acrobat rElec}
   (You found it in a Gauntlet)

   [amulet of the acrobat]

   Acrobat:   It increases your evasion while moving and waiting.
   rElec:     It insulates you from electricity.
 X - a ring of flight
 Z - the ring of Nyrowiel (right hand) {Fly rF+ rN+++ Str-3 Stlth-}
   (You found it in a Gauntlet)

   [ring of protection from fire]

   Str-3:     It affects your strength (-3).
   rF+:       It protects you from fire.
   rN+++:     It renders you almost immune to negative energy.
   Fly:       It grants you flight.
   Stlth-:    It makes you less stealthy.
Wands
 h - a wand of digging (8)
 t - a wand of iceblast (17)
 y - a wand of flame (25)
 H - a wand of polymorph (6)
 M - a wand of acid (17)
Scrolls
 e - 2 scrolls of torment
 g - 4 scrolls of vulnerability {unknown}
 k - 5 scrolls of enchant weapon {unknown}
 l - 2 scrolls of amnesia
 u - 4 scrolls of fear
 z - a scroll of silence
 C - a scroll of poison
 E - 5 scrolls of fog
 L - a scroll of immolation
 R - 3 scrolls of enchant armour {unknown}
Potions
 i - 9 potions of curing {unknown}
 n - 4 potions of lignification {unknown}
 o - 3 potions of enlightenment {unknown}
 s - 2 potions of magic
 w - 2 potions of ambrosia
 A - 2 potions of heal wounds
 F - 4 potions of attraction {unknown}
 G - 2 potions of mutation
 I - a potion of might
 Q - 3 potions of haste {unknown}
 W - a potion of brilliance
Miscellaneous
 p - a Gell's gravitambourine (1/2)
 S - a lightning rod (4/4)
 T - a condenser vane


   Skills:
 - Level 17.0(22.0) Fighting
 - Level 15.0(20.2) Axes
 + Level 4.7(15.8) Maces & Flails
 - Level 13.0(18.0) Armour
 - Level 7.0(12.0) Dodging
 - Level 13.0(18.0) Shields
 - Level 10.0 Invocations
 - Level 10.0 Evocations


You had 16 spell levels left.
You didn't know any spells.
Your spell library contained the following spells:

 Spells                   Type           Power      Damage    Failure   Level
 Kiss of Death            Conj/Necr      0%         2d5       89%         1
 Magic Dart               Conj           0%         1d3       89%         1
 Slow                     Hex            0%         N/A       89%         1
 Ensorcelled Hibernation  Hex/Ice        0%         N/A       96%         2
 Lesser Beckoning         Tloc           0%         N/A       96%         2
 Momentum Strike          Conj/Tloc      0%         3d8       96%         2
 Searing Ray              Conj           0%         2d4       96%         2
 Confusing Touch          Hex            0%         N/A       99%         3
 Inner Flame              Hex/Fire       0%         N/A       99%         3
 Mephitic Cloud           Conj/Alch/Air  0%         N/A       99%         3
 Sigil of Binding         Hex            0%         N/A       99%         3
 Stone Arrow              Conj/Erth      0%         3d7       99%         3
 Teleport Other           Tloc           0%         N/A       99%         3
 Vampiric Draining        Necr           0%         2d6       99%         3
 Dimensional Bullseye     Hex/Tloc       0%         N/A       100%        4
 Dispel Undead            Necr           0%         3d6       100%        4
 Fulminant Prism          Conj/Alch      0%         3d5       100%        4
 Ignite Poison            Fire/Alch      0%         N/A       100%        4
 Sticky Flame             Fire/Alch      0%         2d4       100%        4
 Permafrost Eruption      Ice/Erth       0%         2x4d1     100%        6
 Starburst                Conj/Fire      0%         6d3       100%        6
 Discord                  Hex            0%         N/A       100%        8
 Ignition                 Fire           0%         3d3       100%        8
 Blink                    Tloc           Unusable   N/A       N/A         2
 Call Imp                 Summ           Unusable   N/A       N/A         2
 Maxwell's Portable Pile  Tloc           Unusable   2d(5-13)  N/A         3
 Animate Dead             Necr           Unusable   N/A       N/A         4
 Haunt                    Necr/Summ      Unusable   N/A       N/A         7
 Infestation              Necr           Unusable   N/A       N/A         8

Dungeon Overview and Level Annotations

Branches:
Dungeon (14/15)            Temple (1/1) D:6            Lair (5/5) D:11
  Swamp (0/4) Lair:3        Snake (0/4) Lair:2        Slime (0/5) Lair:5
    Orc (2/2) D:10            Elf (0/3) Orc:2         IceCv (visited)
Volcano (visited)         Gauntlet (visited)
 Vaults: D:13-14

Altars:
Ashenzari
Cheibriados
Dithmenos
Elyvilon
Fedhas
Gozag
Hepliaklqana
Kikubaaqudgha
Makhleb
Nemelex Xobeh
Okawaru
Qazlal
Ru
Sif Muna
Trog
Uskayaw
Vehumet
Wu Jian
Xom
Yredelemnul
Zin
The Shining One
Beogh
Jiyva
Lugonu

Shops:
D:6 [   D:10 [   D:11 *   Orc:1 (?!   Orc:2 :([=

Portals:
Abyss: Lair:5


Innate Abilities, Weirdness & Mutations

You cannot be hasted, slowed, berserked, paralysed or teleported.
You can dig through walls and to a lower floor.
You have a pair of large antennae on your head. (SInv)
Your four strong arms can wield two-handed weapons with a shield.


Message History

You are slowing down.
The white ugly thing is no longer petrified.
The tengu conjurer stops moving altogether!
You block the centaur warrior's attack. x2
The white ugly thing is engulfed in calcifying dust.
The white ugly thing is moving more slowly.
You block the white ugly thing's attack.
The boggart casts a spell.
The boggart blinks!
The boggart hits you but does no damage.
The tengu conjurer is engulfed in calcifying dust.
The white ugly thing trunk-slaps you but does no damage.
The boggart mumbles some strange words.
The boggart blinks!
The boggart mumbles some strange words.
The catoblepas gores you.
* * * LOW HITPOINT WARNING * * *
The purple ugly thing tail-slaps you but does no damage.
The centaur warrior hits you.
* * * LOW HITPOINT WARNING * * *
The centaur warrior kicks you.
* * * LOW HITPOINT WARNING * * *
You fly upwards.
The centaur warrior dissolves into shadows!
The cyclops dissolves into shadows!
The battlesphere dissipates.
The catoblepas gores you.
* * * LOW HITPOINT WARNING * * *
You block the meliai's attack. x2; You block the catoblepas's attack.
You have turned to stone.
The meliai hits you with a +0 war axe.
* * * LOW HITPOINT WARNING * * *
The meliai stings you but does no damage.
The meliai hits you with a +0 war axe!
* * * LOW HITPOINT WARNING * * *
The meliai stings you but does no damage.
The boggart gestures wildly while chanting.
The catoblepas gores you!
* * * LOW HITPOINT WARNING * * *
The catoblepas gores you!!
You die...

,,******.........#
*** *.........#
*.........#
*.........#
*******#'#* #[#
##########'## ##
**#........HYg# .#
*,+.........y@# .#
*,#.........yY# .#
*,#...........#
.###.#...........#
.#...#...........#
...###...........#
}#####...........#
#########'########
#########.#


You could see 2 catoblepae, a manticore (summoned), 2 meliai and a boggart
(invisible).

Vanquished Creatures
  An acid blob (Lair:5)
  An orc warlord (Orc:2)
  A minotaur (Gauntlet)
  2 hydras
  Harold (Lair:1)
  2 ironbound frosthearts (IceCv)
  2 boulder beetles
  2 two-headed ogres
  19 death yaks
  Urug (Orc:2)
  2 orc high priests
  2 thrashing horrors (Lair:5)
  A hell knight (Volcano)
  A skyshark (Lair:5)
  Lodul (D:10)
  A salamander mystic (Volcano)
  2 orc knights
  An orc sorcerer (Orc:2)
  3 cyclopes (Volcano)
  3 manticores (D:12)
  4 ugly things
  A meliai (D:13)
  2 meliai (shapeshifter)
  11 elephants
  A salamander (Volcano)
  4 black mambas
  A torpor snail (Lair:1)
  An ice statue (IceCv)
  4 molten gargoyles (Volcano)
  2 kobold blastminers (Orc:1)
  A large abomination (Lair:5)
  13 cane toads
  2 smoke demons (Lair:5)
  3 gargoyles (Volcano)
  Jeremiah (D:7)
  Maggie (Lair:1)
  4 unseen horrors
  A minotaur zombie (Gauntlet)
  6 rime drakes
  An efreet (Volcano)
  8 komodo dragons
  An ice devil (Gauntlet)
  11 polar bears
  Prince Ribbit (D:9)
  7 trolls
  A hornet (D:8)
  11 dream sheep
  31 blink frogs
  2 raiju (Lair:5)
  4 slime creatures (D:12)
  3 shadows
  4 centaur simulacra (Gauntlet)
  2 spriggans (Lair:5)
  51 yaks
  A spriggan (shapeshifter) (D:13)
  4 wraiths
  6 wyverns
  2 ynoxinuls (Lair:5)
  A steam dragon (D:8)
  5 basilisks
  Grum (D:9)
  Eustachio (D:5)
  4 wargs
  The ghost of blister the Insei, an amateur OpSh (D:3)
  3 acid dragons
  4 nagas (Lair:2)
  A chaos spawn (Lair:5)
  11 small abominations (Lair:5)
  2 swamp worms (Lair:3)
  11 water moccasins
  31 orc warriors
  3 laughing skulls (Gauntlet)
  4 ice beasts
  A black bear (D:7)
  The ghost of Tanach the Chopper, an amateur MDFi (D:3)
  12 ogres
  39 wolves
  5 centaurs
  6 kobold brigands
  A weeping skull (Gauntlet)
  10 bullfrogs
  4 wights (D:5)
  The ghost of Radamante the Shield-Bearer, a weakling MDFi (D:3)
  15 killer bees
  An electric eel (Lair:3)
  2 bombardier beetles (D:6)
  The ghost of 9stopf the Chiller, a weakling DEIE (D:3)
  A jelly (D:5)
  A wyvern simulacrum (Gauntlet)
  26 orc priests
  2 gnoll boudas (D:5)
  3 hounds
  4 iguanas
  3 sleepcaps (D:5)
  Terence (D:2)
  Natasha (thrice) (D:3)
  21 orc wizards
  14 gnolls
  6 adders
  2 shadow imps
  5 white imps
  A dart slug (D:2)
  2 ribbon worms
  87 orcs
  4 bats (D:1)
  7 endoplasms
  4 giant cockroaches
  9 goblins
  6 jackals
  27 kobolds
  4 quokkas
  6 ball pythons
  5 frilled lizards
  5 rats
704 creatures vanquished.

Vanquished Creatures (others)
  Sonja (D:12)
  2 orc wizards
3 creatures vanquished.

Grand Total: 707 creatures vanquished

Notes
Turn   | Place    | Note
-------+----------+-------------------------------------------
     0 | D:1      | 10x100 the Formicid Fighter began the quest for the Orb.
     0 | D:1      | Reached XP level 1. HP: 18/18 MP: 1/1
    60 | D:1      | Reached XP level 2. HP: 21/24 MP: 2/2
   568 | D:2      | Reached XP level 3. HP: 28/30 MP: 3/3
   708 | D:2      | Reached skill level 4 in Fighting
   709 | D:2      | Reached XP level 4. HP: 30/37 MP: 4/4
   852 | D:2      | Noticed Terence
   859 | D:2      | Killed Terence
  1227 | D:3      | Noticed Natasha
  1240 | D:3      | Killed Natasha
  1241 | D:3      | Reached XP level 5. HP: 17/42 MP: 5/5
  1368 | D:3      | Noticed Natasha
  1379 | D:3      | Killed Natasha
  1461 | D:3      | Noticed Natasha
  1488 | D:3      | Killed Natasha
  1545 | D:3      | Reached XP level 6. HP: 21/48 MP: 6/6
  1552 | D:3      | Reached skill level 5 in Axes
  1698 | D:3      | Found a runed translucent gate.
  1699 | D:3      | Found a runed translucent gate.
  1699 | D:3      | Noticed 9stopf's ghost (weakling DEIE)
  1700 | D:3      | Found a runed translucent gate.
  1700 | D:3      | Noticed Tanach's ghost (amateur MDFi)
  1700 | D:3      | Noticed blister's ghost (amateur OpSh)
  1700 | D:3      | Noticed Radamante's ghost (weakling MDFi)
  1862 | D:3      | Found a faded altar of an unknown god.
  2010 | D:3      | Killed Tanach's ghost
  2015 | D:3      | Killed blister's ghost
  2016 | D:3      | Reached XP level 7. HP: 17/54 MP: 7/7
  2018 | D:3      | Killed Radamante's ghost
  2019 | D:3      | Killed 9stopf's ghost
  2391 | D:4      | Identified the ring "Haphop" {rF+ rC+ Will+ Stlth-}
  2594 | D:4      | Found a hazy altar of Hepliaklqana.
  2732 | D:4      | Identified the +4 ring mail "Rijopi" {rC+ Dex+2}
  3085 | D:5      | Entered Level 5 of the Dungeon
  3106 | D:5      | Reached skill level 5 in Fighting
  3129 | D:5      | Reached XP level 8. HP: 57/62 MP: 8/8
  3257 | D:5      | Noticed Eustachio
  3278 | D:5      | Killed Eustachio
  3279 | D:5      | Reached skill level 6 in Fighting
  3591 | D:5      | Found an ornate altar of the Wu Jian Council.
  4084 | D:5      | Found a burning altar of Makhleb.
  4338 | D:6      | Reached XP level 9. HP: 71/71 MP: 9/9
  4356 | D:6      | Reached skill level 7 in Fighting
  4489 | D:6      | Found a staircase to the Ecumenical Temple.
  4508 | Temple   | Entered the Ecumenical Temple
  4519 | Temple   | Became a worshipper of Warmaster Okawaru
  4592 | D:6      | Found a shimmering altar of Xom.
  4595 | D:6      | Found a white marble altar of Elyvilon.
  4598 | D:6      | Found a hide-covered altar of Uskayaw.
  4601 | D:6      | Found a broken altar of Ashenzari.
  4684 | D:6      | Reached skill level 1 in Invocations
  4684 | D:6      | Reached skill level 1 in Evocations
  4719 | D:7      | Reached skill level 10 in Axes
  4725 | D:7      | Reached * piety under Okawaru
  5249 | D:6      | Found Ybroj's Armour Shoppe.
  5850 | D:7      | Reached XP level 10. HP: 74/80 MP: 11/13
  5878 | D:7      | Noticed Maurice
  5888 | D:7      | Maurice changed into Maurice the wyvern
  5888 | D:7      | Noticed Maurice
  5895 | D:7      | Killed Maurice the wyvern
  5896 | D:7      | Reached skill level 8 in Fighting
  5896 | D:7      | Reached skill level 5 in Invocations
  6036 | D:7      | Reached ** piety under Okawaru
  6195 | D:7      | Reached skill level 5 in Evocations
  6247 | D:7      | Reached skill level 5 in Shields
  6607 | D:7      | Noticed Jeremiah
  6631 | D:7      | Killed Jeremiah
  6632 | D:7      | Reached skill level 5 in Armour
  7312 | D:8      | Reached *** piety under Okawaru
  7540 | D:9      | Noticed Prince Ribbit
  7566 | D:9      | Killed Prince Ribbit
  7714 | D:9      | Got the Spellbook of the Wendigo and Jinxing
  7744 | D:9      | Found a glowing golden altar of the Shining One.
  7850 | D:9      | Noticed Grum
  7861 | D:9      | Killed Grum
  7867 | D:9      | Reached XP level 11. HP: 52/86 MP: 9/15
  8062 | D:9      | Reached **** piety under Okawaru
  8295 | D:10     | Entered Level 10 of the Dungeon
  8297 | D:10     | Noticed Lodul
  8335 | D:10     | Killed Lodul
  8645 | D:10     | Reached skill level 10 in Invocations
  9124 | D:10     | Found Hezifremp's Armour Shop.
  9141 | D:10     | Found a staircase to the Orcish Mines.
  9156 | D:10     | Found a roughly hewn altar of Beogh.
  9433 | D:11     | Reached ***** piety under Okawaru
  9621 | D:11     | Noticed a boulder beetle
  9633 | D:11     | Killed a boulder beetle
  9788 | D:11     | Found a staircase to the Lair.
  9900 | D:11     | Received a gift from Okawaru
  9901 | D:11     | Reached XP level 12. HP: 91/94 MP: 17/19
 10007 | D:11     | Found Xiotham's General Store.
 10220 | Lair:1   | Entered Level 1 of the Lair of Beasts
 10227 | Lair:1   | Reached skill level 9 in Fighting
 10279 | Lair:1   | Noticed Harold
 10294 | Lair:1   | Received a gift from Okawaru
 10310 | Lair:1   | Killed Harold
 10326 | Lair:1   | Identified a scroll of acquirement
 10327 | Lair:1   | Acquired the amulet of Gessyul {Reflect rElec rCorr SH+5}
 10573 | Lair:1   | Found a frozen archway.
 10582 | IceCv    | Entered an ice cave
 10758 | IceCv    | Noticed a death yak
 10758 | IceCv    | Noticed a death yak
 10766 | IceCv    | Killed a death yak
 10772 | IceCv    | Killed a death yak
 10773 | IceCv    | Reached skill level 10 in Fighting
 10828 | IceCv    | Received a gift from Okawaru
 10832 | IceCv    | Reached XP level 13. HP: 95/103 MP: 20/20
 10845 | IceCv    | Reached skill level 10 in Shields
 11007 | IceCv    | Reached skill level 10 in Armour
 11041 | IceCv    | Reached skill level 5 in Dodging
 11287 | IceCv    | Received a gift from Okawaru
 11291 | IceCv    | Got the Handbook of Frore Blasting
 11568 | IceCv    | Noticed an ironbound frostheart
 11568 | IceCv    | Noticed an ironbound frostheart
 11595 | IceCv    | Killed an ironbound frostheart
 11596 | IceCv    | Killed an ironbound frostheart
 11596 | IceCv    | HP: 3/105 [death yak (11)]
 11597 | IceCv    | Reached skill level 11 in Fighting
 12199 | Lair:1   | Noticed Maggie
 12208 | Lair:1   | Killed Maggie
 12756 | Lair:2   | Found a staircase to the Snake Pit.
 12877 | Lair:2   | Identified the +8 falchion "Ultimatum" {flame, rF+ Will+}
 13099 | Lair:2   | Reached XP level 14. HP: 106/113 MP: 21/21
 13218 | Lair:2   | Received a gift from Okawaru
 13789 | Lair:3   | Acquired a manual of Fighting
 13864 | Lair:3   | Found a staircase to the Swamp.
 14362 | Lair:3   | Reached skill level 14 in Fighting
 14362 | Lair:3   | Reached XP level 15. HP: 126/126 MP: 22/22
 14397 | Lair:3   | Received a gift from Okawaru
 14398 | Lair:3   | Reached skill level 15 in Fighting
 15427 | Lair:4   | Reached skill level 10 in Evocations
 15443 | Lair:4   | Reached skill level 16 in Fighting
 15670 | Lair:4   | Found a dark tunnel.
 15675 | Volcano  | Entered a volcano
 15988 | Volcano  | Reached skill level 17 in Fighting
 16390 | Volcano  | Noticed an orb of fire
 16447 | Volcano  | Noticed an orb of fire
 17307 | Lair:4   | Reached XP level 16. HP: 94/141 MP: 23/23
 17626 | Lair:5   | Entered Level 5 of the Lair of Beasts
 17970 | Lair:5   | Received a gift from Okawaru
 18107 | Lair:5   | Found a corrupted altar of Lugonu.
 18107 | Lair:5   | Found a one-way gate to the infinite horrors of the Abyss.
 18498 | Lair:5   | Found an ancient bone altar of Kikubaaqudgha.
 18830 | Lair:5   | Found a runed translucent door.
 18830 | Lair:5   | Found a viscous altar of Jiyva.
 18830 | Lair:5   | Found a staircase to the Slime Pits.
 18830 | Lair:5   | Noticed an acid blob
 18844 | Lair:5   | Killed an acid blob
 19424 | Orc:1    | Entered Level 1 of the Orcish Mines
 19507 | Orc:1    | Found Qouwka's Distillery.
 19567 | Orc:1    | Bought a potion of might for 52 gold pieces
 19622 | Orc:1    | Found Oneguho's Weapon Shop.
 19628 | Orc:1    | Found Foaqi's Magic Scroll Shop.
 19750 | Orc:1    | Reached skill level 15 in Axes
 19750 | Orc:1    | Found a roughly hewn altar of Beogh.
 20048 | Orc:2    | Entered Level 2 of the Orcish Mines
 20105 | Orc:2    | Received a gift from Okawaru
 20113 | Orc:2    | Found a roughly hewn altar of Beogh.
 20166 | Orc:2    | Found a staircase to the Elven Halls.
 20304 | Orc:2    | Found a roughly hewn altar of Beogh.
 20322 | Orc:2    | Found Anigaj's Jewellery Boutique.
 20605 | Orc:2    | Found Putry's Antique Weapon Boutique.
 20606 | Orc:2    | Found a roughly hewn altar of Beogh.
 20607 | Orc:2    | Found Ceuffus's Antique Armour Shop.
 20687 | Orc:2    | Found a roughly hewn altar of Beogh.
 20712 | Orc:2    | Found Quecu's Book Shoppe.
 21003 | Orc:2    | Noticed Urug
 21020 | Orc:2    | Killed Urug
 21122 | Orc:2    | Found a roughly hewn altar of Beogh.
 21275 | Orc:2    | Found a roughly hewn altar of Beogh.
 21474 | Orc:2    | Bought a pair of glowing gloves for 165 gold pieces
 21561 | Orc:1    | Bought the +7 sceptre of Torment {pain, torment} for 1560
                  | gold pieces
 21561 | Orc:1    | Found the +7 sceptre of Torment {pain, torment}
 21755 | D:12     | Noticed Sonja
 21758 | D:12     | Killed Sonja
 21903 | D:12     | Reached skill level 1 in Maces & Flails
 23030 | D:13     | Found a gate leading to a gauntlet.
 23044 | Gauntlet | Entered a Gauntlet
 23044 | Gauntlet | Found a transporter.
 23054 | Gauntlet | Found a transporter.
 23069 | Gauntlet | Found a transporter.
 23074 | Gauntlet | Found a transporter.
 23089 | Gauntlet | Found a transporter.
 23108 | Gauntlet | Found a transporter.
 23120 | Gauntlet | Found a transporter.
 23126 | Gauntlet | Found a transporter.
 23141 | Gauntlet | Found a transporter.
 23153 | Gauntlet | Found a transporter.
 23165 | Gauntlet | Found a transporter.
 23182 | Gauntlet | Found a transporter.
 23200 | Gauntlet | Found a transporter.
 23202 | Gauntlet | Found a transporter.
 23229 | Gauntlet | Found a transporter.
 23249 | Gauntlet | Found a transporter.
 23341 | Gauntlet | Found a transporter.
 23450 | Gauntlet | Found a transporter.
 23460 | Gauntlet | Reached XP level 17. HP: 147/147 MP: 24/24
 23509 | Gauntlet | Identified the ring of Nyrowiel {Fly rF+ rN+++ Str-3
                  | Stlth-}
 23514 | Gauntlet | Identified the +0 pair of gloves of the Desolation of Salt
                  | {rC+++ Str-4 Slay+3 SInv}
 23606 | Gauntlet | Identified the amulet "Azal" {Acrobat rElec}
 24103 | D:13     | HP: 6/147 [meliai/+0 war axe (3)]
 24103 | D:13     | Mangled by a catoblepas

Illustrated notes

Levels and vault maps discovered:
D:1:      erik_arrival_orb_chamber, layout_rooms, serial_glass, glass_columns_a,
          glass_columns_b, glass_columns_a, glass_columns_c
D:2:      layout_loops_ring, uniq_terence
D:3:      layout_rooms, gammafunk_ghost_cemetery,
          shapermc_ecumenical_altar_mp_ritualfount,
          minmay_misc_feat_secret_circle, uniq_natasha
D:4:      layout_basic, worldfamousw_hep_ancestral_shrine, serial_bayou,
          serial_bayou_pond_e, serial_bayou_ford_a, serial_bayou_pond_e,
          serial_bayou_lake_a, serial_bayou_pond_b
D:5:      layout_cave_pods, pdpol_wu_jian_five_deadly_venoms,
          kennysheep_little_box, uniq_eustachio
D:6:      layout_loops_ring, grunt_temple_overflow_cloverleaf,
          minmay_temple_entry_grid, serial_shops, shop, lexackson_kobold_supper
D:7:      layout_basic, uniq_maurice, uniq_jeremiah
D:8:      layout_rooms, minmay_tree_intersection, minmay_unpleasant_kobolds
D:9:      layout_roguey, nicolae_tso_swordbearing_angel, uniq_prince_ribbit1,
          uniq_grum
D:10:     layout_basic, minmay_orc_entry_temple_small, serial_shops,
          nicolae_square_shop, uniq_lodul
D:11:     layout_loops_ring, dpeg_oklobed_lair, serial_shops,
          nicolae_shop_tiny_waterfront
D:12:     layout_grid_maze, uniq_sonja
D:13:     layout_roguey, david_vaults_4, gauntlet_entry_generic,
          wad_floor_pattern_untrapped
D:14:     layout_loops_ring, serial_shops, shop, uniq_josephine
Temple:   nicolae_temple_bog_church
Lair:1:   layout_gridlike, portal_ice_cave_entry_pillars_1, uniq_maggie,
          uniq_harold
Lair:2:   layout_chaotic_city, minmay_snake_entry_guardpost_small
Lair:3:   layout_cave_shapes, nicolae_swamp_entry_splash_gauntlet,
          grunt_megastairs_4
Lair:4:   layout_layer_cave, nicolae_volcano_entry_s_turn, minivault_11,
          lemuel_fruit_tree, grunt_megastairs_5, serial_bayou_shore_b
Lair:5:   hellmonk_lair_end_abyssal_woods, layout_cave_shapes, slime_entry_2,
          basic_altar
Orc:1:    layout_caves, serial_shops, shop, shop,
          nicolae_shop_getting_attention, nicolae_orc_seminary
Orc:2:    grunt_orc_community_town_hall, layout_diamond_mine,
          grunt_orc_community_big_house_2, grunt_orc_community_big_house_2,
          grunt_orc_community_house_3, grunt_orc_community_house_3,
          grunt_orc_community_house_3, grunt_orc_community_house_1,
          grunt_orc_community_house_3, grunt_orc_community_house_1, uniq_urug

Skill      XL: |  1  2  3  4  5  6  7  8  9 10 11 12 13 14 15 16 17 |
---------------+----------------------------------------------------+-----
Fighting       | 4 5 6 7 8 10 11 14 17 | 17.0
Armour         | 4 7 8 9 10 11 13 | 13.0
Axes           | 3 4 6 7 9 10 11 12 13 14 15 | 15.0
Invocations    | 4 6 10 | 10.0
Evocations     | 3 5 7 8 10 | 10.0
Shields        | 7 8 9 11 13 | 13.0
Dodging        | 4 5 6 7 |  7.0
Maces & Flails | 2 4 |  4.7

Action                     |  1- 3 |  4- 6 |  7- 9 | 10-12 | 13-15 | 16-18 || total
---------------------------+-------+-------+-------+-------+-------+-------++-------
  Melee: War axe           |    65 |    71 |   275 |   443 |   538 |   462 ||  1854
         Mace              |       |     8 |    15 |       |       |    42 ||    65
         Trident           |       |       |       |    60 |    10 |       ||    70
         Great mace        |       |       |       |       |    15 |       ||    15
         Eveningstar       |       |       |       |       |       |    76 ||    76
   Fire: Sling             |       |    24 |    75 |       |       |       ||    99
         Orcbow            |       |       |    30 |    47 |    38 |   115 ||   230
         Shortbow          |       |       |       |    29 |    55 |       ||    84
  Throw: Dart              |       |     1 |     7 |     2 |       |       ||    10
         Javelin           |       |       |       |       |     2 |       ||     2
         Throwing net      |       |       |       |       |     1 |       ||     1
 Invoke: Heroism           |       |       |       |    13 |    12 |     8 ||    33
         Finesse           |       |       |       |     1 |     3 |     2 ||     6
Ability: Dig               |       |     1 |     1 |     4 |     2 |       ||     8
  Evoke: Wand              |       |       |       |     8 |     2 |     1 ||    11
         Lightning rod     |       |       |       |       |     5 |     1 ||     6
         Gell's gravitambo |       |       |       |       |       |     2 ||     2
    Use: Potion            |       |     1 |       |       |     2 |     1 ||     4
         Scroll            |       |       |       |     9 |     7 |     6 ||    22
   Stab: Invisible         |       |       |       |     2 |       |       ||     2
         Held in net/web   |       |       |       |       |     1 |       ||     1
 Armour: Scale mail        |    64 |    68 |    28 |       |       |       ||   160
         Ring mail         |       |       |   150 |   271 |    92 |       ||   513
         Chain mail        |       |       |       |    11 |       |   152 ||   163
         Swamp dragon scal |       |       |       |       |   190 |   110 ||   300
  Dodge: Dodged            |    41 |    27 |    97 |   162 |   153 |   151 ||   631
  Block: Buckler           |    14 |    21 |    64 |     5 |       |       ||   104
         Kite shield       |       |       |       |   285 |   433 |   473 ||  1191
         Reflection        |       |       |       |       |    11 |    23 ||    34

Table legend: (Time is in decaauts)
 A = Elapsed time spent in this place.
 B = Non-inter-level travel time spent in this place.
 C = Inter-level travel time spent in this place.
 D = Time resting spent in this place.
 E = Time spent auto-exploring this place.
 F = Levels seen in this place.
 G = Mean time per level.
                   A        B        C        D        E       F      G
               +--------+--------+--------+--------+--------+-----+--------+
         Total |  23988 |  22788 |   1200 |     10 |  17633 |  25 |  959.5 |
       Dungeon |  12350 |  11587 |    763 |     10 |   9333 |  14 |  882.1 |
        Temple |     25 |      1 |     24 |      0 |      0 |   1 |   25.0 |
          Lair |   6575 |   6300 |    275 |      0 |   4859 |   5 | 1315.0 |
  Orcish Mines |   2093 |   1956 |    137 |      0 |   1372 |   2 | 1046.5 |
      Ice Cave |   1330 |   1330 |      0 |      0 |    973 |   1 | 1330.0 |
       Volcano |    970 |    970 |      0 |      0 |    787 |   1 |  970.0 |
      Gauntlet |    642 |    642 |      0 |      0 |    308 |   1 |  642.0 |
               +--------+--------+--------+--------+--------+-----+--------+

Top non-repeatable levels by time:
  Lair:3: 1660 daAuts
  Lair:5: 1532 daAuts
     D:7: 1485 daAuts
  Lair:4: 1429 daAuts
    D:12: 1365 daAuts
   IceCv: 1330 daAuts
    D:10: 1249 daAuts
   Orc:2: 1228 daAuts
     D:5: 1173 daAuts
  Lair:1: 1140 daAuts
     D:6: 1135 daAuts
     D:3: 1007 daAuts
 Volcano: 970 daAuts
     D:4: 922 daAuts
    D:11: 904 daAuts
